 Dungeon Crawl Stone Soup version 0.30.0-29-ga12c61a403 (webtiles) character file.

Game seed: 17542569804539814573

1706799 Wkid the Axe Maniac (level 27, 273/273 HPs)
             Began as a Hill Orc Fighter on June 11, 2023.
             Was a High Priest of Okawaru.
             Escaped with the Orb
             ... and 3 runes on June 12, 2023!
             The game lasted 03:09:40 (67153 turns).

Wkid the Axe Maniac (Hill Orc Fighter)             Turns: 67153, Time: 03:09:40

Health: 273/273    AC: 43    Str: 42    XL:     27
Magic:  36/36      EV:  9    Int: 11    God:    Okawaru [*****.]
Gold:   3230       SH:  0    Dex: 18    Spells: 27/27 levels left

rFire   + + +        X - +5 executioner's axe of Upaoproco {vamp, rN++ rCorr}
rCold   + + +        (shield currently unavailable)
rNeg    + + .        A - +4 crystal plate armour
rPois   +            S - +0 helmet of the Original Sin {Rampage rF+ rC++ Stlth+}
rElec   +            Q - scarf {rC+ rF+}
rCorr   +            k - +2 pair of gloves "Nakupnoe" {+Blink rPois rC+ Regen+}
SInv    +            I - +0 pair of boots of the Arcane {Int+3 Dex+3}
Will    ++++.        L - amulet of Wugem {Rampage rElec Regen+ rCorr Stlth-} Stlth
                     y - ring of Xopreimp {Str+5 SInv}
HPRegen 2.25/turn    J - ring "Cyrim" {rF+ Will+ Str+6 Dex+3}
MPRegen 0.25/turn

%: rampage
@: studying Throwing
A: talons 1, strong-willed 1, MP-powered wands, noise suppression
0: Orb of Zot
}: 3/15 runes: serpentine, barnacled, silver
a: Renounce Religion, Evoke Blink, Heroism, Finesse, Duel


You escaped.
You worshipped Okawaru.
Okawaru was extremely pleased with you.
You visited 10 branches of the dungeon, and saw 47 of its levels.
You visited the Abyss 1 time.
You visited 2 bazaars.
You also visited: Trove, Bailey, Gauntlet and Ice Cave.

You collected 7807 gold pieces.
You spent 4577 gold pieces at shops.

Inventory:

Hand Weapons
 r - the +0 war axe "Hell-Harrower" {heavy, rElec Will+ Stlth+}
   (You found it on level 3 of the Lair of Beasts)

   rElec:     It insulates you from electricity.
   Will:      It increases your willpower.
   Stlth:     It makes you more stealthy.
 M - a +9 broad axe of flaming
 X - the +5 executioner's axe of Upaoproco (weapon) {vamp, rN++ rCorr}
   (You found it in a treasure trove)

   rN:        It greatly protects you from negative energy.
   rCorr:     It protects you from acid and corrosion.
Missiles
 Z - a throwing net (quivered)
Armour
 h - the +1 helmet of the Nexus {rElec rCorr Int+4 Dex+3}
   (You took it off Robin on level 4 of the Dungeon)

   Int:       It affects your intelligence (+4).
   Dex:       It affects your dexterity (+3).
   rElec:     It insulates you from electricity.
   rCorr:     It protects you from acid and corrosion.
 k - the +2 pair of gloves "Nakupnoe" (worn) {+Blink rPois rC+ Regen+}
   (Okawaru gifted it to you on level 3 of the Vaults)

   rC:        It protects you from cold.
   rPois:     It protects you from poison.
   +Blink:    It lets you blink.
   Regen:     It increases your rate of health regeneration.
 s - the +2 pair of gloves of Dolur {rF+ rC+ Int+4}
   (Okawaru gifted it to you on level 2 of the Orcish Mines)

   Int:       It affects your intelligence (+4).
   rF:        It protects you from fire.
   rC:        It protects you from cold.
 A - a +4 crystal plate armour (worn)
 I - the +0 pair of boots of the Arcane (worn) {Int+3 Dex+3}
   (Okawaru gifted it to you on level 1 of the Depths)

   Int:       It affects your intelligence (+3).
   Dex:       It affects your dexterity (+3).
 Q - a scarf of resistance (worn)
 S - the +0 helmet of the Original Sin (worn) {Rampage rF+ rC++ Stlth+}
   (Okawaru gifted it to you on level 4 of the Snake Pit)

   rF:        It protects you from fire.
   rC:        It greatly protects you from cold.
   Rampage:   It bestows one free step when moving towards enemies.
   Stlth:     It makes you more stealthy.
 W - the +3 pair of gloves of Yhiosoefodgh {rN+++ Int+6 Dex-3}
   (You bought it in a shop on level 2 of the Orcish Mines)

   Int:       It affects your intelligence (+6).
   Dex:       It affects your dexterity (-3).
   rN:        It renders you almost immune to negative energy.
Jewellery
 i - the ring "Ytuacokh" {Fly rC+ rCorr}
   (You took it off a merfolk on level 4 of the Shoals)

   [ring of flight]

   rC:        It protects you from cold.
   Fly:       It grants you flight.
   rCorr:     It protects you from acid and corrosion.
 j - a ring of willpower
 x - the ring of Arrival {rN++ AC+4 Str+4 Dex-3}
   (You found it on level 7 of the Dungeon)

   [ring of protection]

   AC:        It affects your AC (+4).
   Str:       It affects your strength (+4).
   Dex:       It affects your dexterity (-3).
   rN:        It greatly protects you from negative energy.
 y - the ring of Xopreimp (left hand) {Str+5 SInv}
   (You found it on level 3 of the Snake Pit)

   [ring of see invisible]

   Str:       It affects your strength (+5).
   SInv:      It lets you see invisible.
 E - the ring "Hidwemul" {rPois rC+ rCorr Str+6 Dex+2}
   (You bought it in a shop on level 1 of the Elven Halls)

   [ring of strength]

   Str:       It affects your strength (+6).
   Dex:       It affects your dexterity (+2).
   rC:        It protects you from cold.
   rPois:     It protects you from poison.
   rCorr:     It protects you from acid and corrosion.
 J - the ring "Cyrim" (right hand) {rF+ Will+ Str+6 Dex+3}
   (You found it on level 4 of the Vaults)

   [ring of strength]

   Str:       It affects your strength (+6).
   Dex:       It affects your dexterity (+3).
   rF:        It protects you from fire.
   Will:      It increases your willpower.
 L - the amulet of Wugem (around neck) {Rampage rElec Regen+ rCorr Stlth-}
   (You bought it in a shop on level 4 of the Depths)

   [amulet of regeneration]

   rElec:     It insulates you from electricity.
   Regen:     It increases your rate of health regeneration.
   rCorr:     It protects you from acid and corrosion.
   Rampage:   It bestows one free step when moving towards enemies.
   Stlth:     It makes you less stealthy.
 R - the amulet "Urhosant" {Acrobat Int+3}
   (You found it in a Gauntlet)

   [amulet of the acrobat]

   It increases your evasion while moving and waiting.
   Int:       It affects your intelligence (+3).
Wands
 a - a wand of mindburst (32)
 d - a wand of paralysis (30)
 u - a wand of acid (31)
 v - a wand of polymorph (17)
 N - a wand of iceblast (36)
 P - a wand of digging (15)
Scrolls
 g - 15 scrolls of magic mapping
 l - 5 scrolls of fear
 o - 18 scrolls of teleportation
 p - 5 scrolls of amnesia
 q - 7 scrolls of fog
 z - 7 scrolls of noise
 B - a scroll of silence
 C - 4 scrolls of poison
 F - 5 scrolls of brand weapon
 K - 4 scrolls of torment
 U - 8 scrolls of enchant weapon
 V - 2 scrolls of blinking
Potions
 b - 5 potions of ambrosia
 c - 6 potions of cancellation
 e - 25 potions of curing
 f - 6 potions of mutation
 m - 18 potions of attraction
 n - 3 potions of haste
 t - 3 potions of might
 w - 18 potions of lignification
 D - 7 potions of berserk rage
 G - 4 potions of resistance
 H - 8 potions of magic
 O - 2 potions of flight
 Y - 9 potions of brilliance


   Skills:
 O Level 27 Fighting
 O Level 27 Axes
 O Level 27 Armour
 - Level 17.2 Shields
 - Level 0.7 Spellcasting
 - Level 19.1 Invocations
 + Level 21.9 Evocations


You had 27 spell levels left.
You didn't know any spells.
Your spell library contained the following spells:

 Spells                   Type           Power      Damage    Failure   Level
 Foxfire                  Conj/Fire      0%         2x1d4     73%         1
 Kiss of Death            Conj/Necr      0%         2d5       73%         1
 Magic Dart               Conj           0%         1d3       73%         1
 Necrotise                Necr           0%         1d4       73%         1
 Blink                    Tloc           0%         N/A       86%         2
 Cigotuvi's Dreadful Rot  Necr/Pois/Air  0%         N/A       86%         2
 Ensorcelled Hibernation  Hex/Ice        0%         N/A       86%         2
 Passwall                 Tmut/Erth      0%         N/A       86%         2
 Searing Ray              Conj           0%         2d4       86%         2
 Static Discharge         Conj/Air       0%         2-2/arc   86%         2
 Sublimation of Blood     Necr           0%         N/A       86%         2
 Wereblood                Tmut           0%         N/A       86%         2
 Confusing Touch          Hex            0%         N/A       97%         3
 Gell's Gravitas          Tloc           0%         N/A       97%         3
 Ignite Poison            Fire/Tmut/Pois 0%         N/A       97%         3
 Inner Flame              Hex/Fire       0%         N/A       97%         3
 Ozocubu's Armour         Ice            0%         N/A       97%         3
 Spider Form              Tmut/Pois      0%         N/A       97%         3
 Stone Arrow              Conj/Erth      0%         3d7       97%         3
 Swiftness                Air            0%         N/A       97%         3
 Teleport Other           Tloc           0%         N/A       97%         3
 Vampiric Draining        Necr           0%         2d6       97%         3
 Vhi's Electric Charge    Tloc/Air       0%         N/A       97%         3
 Anguish                  Hex/Necr       0%         N/A       100%        4
 Dispel Undead            Necr           0%         3d6       100%        4
 Flame Wave               Conj/Fire      0%         2d4       100%        4
 Fulminant Prism          Conj/Hex       0%         3d5       100%        4
 Ice Form                 Ice/Tmut       0%         N/A       100%        4
 Manifold Assault         Tloc           0%         N/A       100%        4
 Sticky Flame             Conj/Fire      0%         2d3       100%        4
 Agony                    Necr           0%         N/A       100%        5
 Arcjolt                  Conj/Air       0%         1d10      100%        5
 Blade Hands              Tmut           0%         N/A       100%        5
 Fireball                 Conj/Fire      0%         3d3       100%        5
 Freezing Cloud           Conj/Ice/Air   0%         6-21      100%        5
 Iskenderun's Battlesphe  Conj           0%         2d6       100%        5
 Metabolic Englaciation   Hex/Ice        0%         N/A       100%        5
 Silence                  Hex/Air        0%         N/A       100%        5
 Dispersal                Tloc           0%         N/A       100%        6
 Iron Shot                Conj/Erth      0%         9d1       100%        6
 Plasma Beam              Fire/Air       0%         2x1d11    100%        6
 Starburst                Conj/Fire      0%         6d3       100%        6
 Ozocubu's Refrigeration  Ice            0%         4d7       100%        7
 Storm Form               Tmut/Air       0%         N/A       100%        7
 Disjunction              Tloc           0%         N/A       100%        8
 Lehudib's Crystal Spear  Conj/Erth      0%         10d2      100%        8
 Maxwell's Capacitive Co  Air            0%         ∞         100%        8
 Chain Lightning          Conj/Air       0%         N/A       100%        9
 Fire Storm               Conj/Fire      0%         5d1       100%        9
 Shatter                  Erth           0%         3d5*      100%        9
 Animate Armour           Summ/Erth      Unusable   N/A       N/A         4
 Summon Lightning Spire   Summ/Air       Unusable   N/A       N/A         4
 Simulacrum               Ice/Necr       Unusable   N/A       N/A         6
 Spellforged Servitor     Conj/Summ      Unusable   N/A       N/A         7
 Summon Hydra             Summ           Unusable   N/A       N/A         7

Dungeon Overview and Level Annotations

Branches:
Dungeon (15/15)            Temple (1/1) D:5            Lair (5/5) D:10
 Shoals (4/4) Lair:3        Snake (4/4) Lair:2        Slime (0/5) Lair:4
    Orc (2/2) D:12            Elf (2/3) Orc:2        Vaults (5/5) D:14
  Crypt (0/3) Vaults:2     Depths (4/4) D:15            Zot (5/5) Depths:4
 Bailey (visited)           IceCv (visited)         Gauntlet (visited)

Altars:
Ashenzari
Cheibriados
Dithmenos
Elyvilon
Fedhas
Gozag
Hepliaklqana
Kikubaaqudgha
Makhleb
Nemelex Xobeh
Okawaru
Qazlal
Ru
Sif Muna
Trog
Uskayaw
Vehumet
Wu Jian
Xom
Yredelemnul
Zin
The Shining One
Beogh
Jiyva
Lugonu

Shops:
D:10 *   D:12 =   D:13 [   D:14 (   Orc:2 ([*!   Elf:1 [![=   Elf:2 (
Vaults:3 [   Depths:4 ?=:=?[=(

Portals:
Hell: Depths:1 Depths:2 Depths:3 Depths:4
Abyss: Depths:2 Depths:3 Depths:4
Pandemonium: Depths:2
Ziggurat: Depths:3

Annotations:
D:14 3 runed translucent doors, chickenninja42's ghost, journeyman MiCK
Temple 2 transporters
Snake:2 2 transporters, Dittersdorf's ghost, adept MiBe
Elf:2 3 runed translucent doors
Depths:3 exclusion: 2 statues
Zot:5 exclusion: obsidian statue


Innate Abilities, Weirdness & Mutations

You have sharp toenails.
You are strong-willed. (Will+)
You expend magic power (3 MP) to strengthen your wands.
You passively dampen the noise of your surroundings.


Message History

There is a stone staircase leading down here.
HP restored.
There is a stone staircase leading up here.
You climb upwards.
There is a stone staircase leading down here.
There is a stone staircase leading up here.
You climb upwards.
There is a stone staircase leading down here.
A rakshasa and a rat come into view.
The rat moves out of view.
There is an open door here.
A cacodemon, an orange demon and a sixfirhy come into view.
You miss the sixfirhy.
The orange demon screeches!
The sixfirhy hits you but does no damage. x2
The cacodemon attacks as you move away!
The cacodemon hits you but does no damage.
The cacodemon hits you. The cacodemon gestures at you.
The bolt of energy hits you but does no damage.
The sixfirhy barely misses you.
The sixfirhy hits you but does no damage. x2
The sixfirhy barely misses you. The sixfirhy closely misses you.
The sixfirhy attacks as you move away! The sixfirhy misses you.
The sixfirhy hits you but does no damage.
The sixfirhy hits you. The sixfirhy shocks you. You resist.
There is a stone staircase leading up here.
The sixfirhy closely misses you. x3; Some rock shatters into small pieces.
You climb upwards.
There is a stone staircase leading down here.
Unknown command.
You slice the sixfirhy like a ripe choko!!!
You kill the sixfirhy!
Okawaru accepts your kill.
No target in view!
No target in view!
You see here 7 stones.
There is an open door here.
There is a staircase leading out of the dungeon here.
You have escaped!

#....#.##########.#.#^#.#.#
#.##.#................#.#.#
#..#.######.########..#.#.#
...#.#
#...........#.#.#######
#..#.#
#...##+##...#.#........
#..#.#
#...#...#...#.#..######
####.#
#.###.8.###.#.#........
.....##
#.#.......#.#.#..######
###...#
#.#.8.@.8.#............
###...#
#.#.......#...#########
......#
#.###.8.###..).........
###...#
#...#...#....##########
#.....#
#...##'##....##########
#..#'##
#......................
#..#.#
#.####......###########
#....#
#.................#...#
######
####.#.....######.#.#.#


There were no monsters in sight!

Vanquished Creatures
  5 dread liches
  5 orbs of fire
  5 ancient liches
  A juggernaut (Depths:4)
  The ghost of Dawneret the Timeless, a master GnFi of Cheibriados (Zot:2)
  Bai Suzhen (Snake:3)
  Xtahua (Vaults:3)
  Margery (Vaults:2)
  The ghost of Gucom the Gnoll Aeon, a veteran GnFi of Cheibriados (Depths:3)
  7 Killer Klowns
  A curse toe (Zot:5)
  Vashnia (Snake:2)
  4 caustic shrikes (Depths:4)
  12 golden dragons
  Nikola (Vaults:1)
  The ghost of safid the Phalangite, an adept MfIE of Vehumet (Vaults:4)
  3 bone dragons
  4 electric golems
  24 tentacled monstrosities
  Mlioglotl (Snake:3)
  A Hell Sentinel (Abyss:4)
  29 Orb Guardians
  4 liches
  5 titans (Vaults:5)
  6 quicksilver dragons
  A kraken (Shoals:3)
  11 death cobs
  3 sphinxes
  Kirke (D:15)
  2 tentacled starspawn (Abyss:3)
  13 shadow dragons
  7 tengu reavers
  7 fire giants
  9 draconian monks
  A nagaraja (Snake:4)
  A daeva (Zot:5)
  26 storm dragons
  Donald (Snake:2)
  5 draconian knights
  3 iron dragons
  17 vault wardens
  4 ghost moths
  Aizul (Shoals:1)
  4 deep elf sorcerers
  Louise (Shoals:2)
  12 frost giants
  7 draconian scorchers
  6 draconian shifters
  A cacodemon (Depths:2)
  An angel (D:11)
  3 draconian stormcallers (Zot:4)
  17 ironbound preservers
  2 spriggan defenders (Depths:2)
  11 draconian annihilators
  3 orc warlords
  35 very ugly things
  18 stone giants
  11 ironbound thunderhulks
  6 vampire knights
  4 war gargoyles
  3 grey draconians
  16 green draconians
  3 deep elf demonologists (Vaults:5)
  18 black draconians
  2 deep elf annihilators
  4 dire elephants
  14 purple draconians
  16 red draconians
  A minotaur (Gauntlet)
  22 white draconians
  25 yellow draconians
  Snorg (Orc:1)
  8 merfolk javelineers
  6 ettins
  2 deep elf death magi (Vaults:5)
  6 great orbs of eyes
  3 deep elf high priests
  13 fire dragons
  12 merfolk impalers
  15 yaktaur captains
  2 rakshasas
  20 ice dragons
  3 entropy weavers
  A hydra (shapeshifter) (Vaults:5)
  4 salamander tyrants
  34 vault guards
  2 peacekeepers (Vaults:4)
  14 anacondas
  8 boulder beetles
  7 centaur warriors
  5 spriggan air magi
  9 merfolk aquamancers
  19 ironbound frosthearts
  A spectral sphinx (Vaults:4)
  The ghost of workbot the Cleaver, a novice MiBe of Trog (D:10)
  8 two-headed ogres
  2 catoblepae
  2 ogre magi
  An alligator snapping turtle (Shoals:3)
  5 hydras
  2 anacondas (shapeshifter)
  15 dancing weapons
  11 hell hogs
  3 tengu warriors
  3 satyrs
  4 death yaks (Lair:5)
  4 merfolk avatars
  A deep troll earth mage (Depths:3)
  4 deep troll shamans
  The ghost of suzumiya the Spear-Bearer, a novice MfIE of Zin (Lair:1)
  A vampire mage (Depths:2)
  14 naga warriors
  8 shock serpents
  7 spriggan berserkers
  10 sun demons
  11 naga sharpshooters
  A thrashing horror (Abyss:4)
  15 hell knights
  18 deep elf knights
  A death drake (shapeshifter) (Vaults:5)
  A fire crab (Lair:3)
  3 skysharks
  An iron troll (Depths:3)
  17 sea snakes
  33 deep trolls
  2 sixfirhies
  A skeletal warrior (D:9)
  A death drake (Gauntlet)
  A flayed ghost (Depths:1)
  3 glowing orange brains
  A quicksilver dragon simulacrum (Vaults:4)
  A deep troll (shapeshifter) (Vaults:5)
  7 salamander mystics
  7 wizards
  8 deep elf archers
  11 orc knights
  16 lindwurms
  9 naga ritualists
  31 ironbound convokers
  2 orange crystal statues
  8 phantasmal warriors
  11 harpies
  A harpy (shapeshifter) (Elf:1)
  15 deep elf zephyrmancers
  11 deep elf pyromancers
  A wolf spider (D:10)
  7 necromancers
  A mana viper (shapeshifter) (D:15)
  A faun (shapeshifter) (Vaults:5)
  A sphinx zombie (Vaults:2)
  16 mana vipers
  An oklob plant (Shoals:3)
  20 fauns
  16 salamanders
  3 orc sorcerers
  3 large abominations (Abyss:3)
  26 moths of wrath
  7 cyclopes
  40 ugly things
  9 manticores
  A spectral deep troll (Vaults:4)
  42 black mambas
  An elephant (shapeshifter) (Depths:2)
  3 starcursed masses (Abyss:3)
  11 guardian serpents
  A guardian serpent (shapeshifter) (Elf:1)
  A black mamba (shapeshifter) (Elf:2)
  6 merfolk sirens
  14 vault sentinels
  22 elephants
  An orange demon (Depths:2)
  11 water nymphs
  4 torpor snails
  A spectral elf (Vaults:4)
  10 naga magi
  4 smoke demons
  4 gargoyles
  14 cane toads
  A spectral unseen horror (D:9)
  A hellion (Depths:1)
  A spectral ogre (Vaults:4)
  A komodo dragon (shapeshifter) (D:13)
  12 rime drakes
  A freezing wraith (D:15)
  18 yaktaurs
  12 komodo dragons
  An efreet (D:13)
  8 trolls
  3 tengu conjurers
  30 merfolk
  A red devil (Depths:2)
  A hornet (shapeshifter) (Vaults:5)
  The ghost of cheesebisquit the Insei, an amateur MfTm (D:4)
  13 polar bears
  8 wind drakes
  A tengu simulacrum (Vaults:2)
  9 hornets
  10 blink frogs
  2 ettin zombies (Orc:1)
  18 dream sheep
  24 slime creatures
  10 snapping turtles
  A stone giant simulacrum (Vaults:4)
  6 air elementals
  6 spriggans
  Sigmund (D:2)
  A yak (shapeshifter) (Elf:2)
  A jumping spider (shapeshifter) (Vaults:5)
  6 wyverns
  A culicivora (Vaults:1)
  A spriggan (shapeshifter) (Vaults:5)
  69 yaks
  3 ynoxinuls
  3 vampires (Vaults:2)
  6 wraiths
  Eustachio (D:2)
  11 basilisks
  2 fire elementals
  25 water elementals
  4 humans (D:15)
  3 chaos spawn
  A neqoxec (Abyss:4)
  4 vampire mosquitoes (D:15)
  2 redbacks
  A yaktaur simulacrum (Vaults:4)
  2 human simulacra
  A harpy simulacrum (D:14)
  8 wargs
  44 nagas
  A two-headed ogre zombie (Orc:1)
  3 acid dragons
  4 hell hounds
  9 water moccasins
  A floating eye (Depths:2)
  66 orc warriors
  A swamp drake (shapeshifter) (D:14)
  A sky beast (D:8)
  Duvessa (D:4)
  An ice beast (D:8)
  4 black bears
  2 hornet zombies (Gauntlet)
  14 centaurs
  10 ogres
  21 wolves
  A boggart (Vaults:1)
  2 elf simulacra (Vaults:4)
  4 phantoms
  5 kobold brigands
  12 bullfrogs
  2 earth elementals
  3 cyclops zombies (Orc:1)
  A spectral wyvern (D:9)
  A gnoll sergeant (D:9)
  2 human skeletons (Vaults:2)
  4 scorpions
  4 wights (D:8)
  A small abomination (Abyss:3)
  3 warg zombies (Orc:1)
  Dowan (D:4)
  20 killer bees
  9 electric eels
  A spectral centaur (D:9)
  5 howler monkeys
  3 hounds (D:6)
  2 gnoll boudas
  4 jellies
  23 orc priests
  An iguana (D:6)
  Ijyb (D:4)
  37 orc wizards
  2 sleepcaps (D:6)
  An ogre zombie (Orc:1)
  2 centaur simulacra
  Robin (D:4)
  13 gnolls
  2 orc zombies (Orc:1)
  8 adders
  An orc skeleton (Orc:1)
  A shadow imp (D:8)
  A white imp (D:6)
  An orc simulacrum (Orc:1)
  An ufetubus (D:5)
  2 worms
  5 dart slugs
  99 orcs
  5 bats
  3 endoplasms
  3 giant cockroaches
  16 goblins
  10 hobgoblins
  9 jackals
  4 quokkas
  6 ball pythons
  5 frilled lizards
  A frilled lizard (shapeshifter) (D:14)
  34 kobolds
  5 rats
  A butterfly (Lair:2)
  2 starspawn tentacles (Abyss:3)
  3 tentacles (Shoals:3)
2296 creatures vanquished.

Vanquished Creatures (others)
  An ancient lich (Zot:5)
  A tentacled monstrosity (Zot:3)
  A tengu reaver (Vaults:5)
  A deep elf annihilator (Elf:2)
  A naga sharpshooter (Snake:2)
  A deep elf knight (Elf:2)
  A deep elf pyromancer (Elf:1)
  2 deep elf zephyrmancers
  A boggart (Vaults:1)
  5 starspawn tentacles (Abyss:3)
  5 tentacles (Shoals:3)
20 creatures vanquished.

Grand Total: 2316 creatures vanquished

Notes
Turn   | Place    | Note
-------+----------+-------------------------------------------
     0 | D:1      | Wkid the Hill Orc Fighter began the quest for the Orb.
     0 | D:1      | Reached XP level 1. HP: 19/19 MP: 1/1
   526 | D:1      | Reached XP level 2. HP: 27/27 MP: 2/2
  1178 | D:2      | Reached XP level 3. HP: 31/33 MP: 3/3
  1467 | D:2      | Noticed Sigmund
  1472 | D:2      | Killed Sigmund
  1473 | D:2      | Reached skill level 5 in Axes
  1473 | D:2      | Reached XP level 4. HP: 32/41 MP: 4/4
  1473 | D:2      | Reached XP level 5. HP: 37/47 MP: 5/5
  1916 | D:2      | Found a faded altar of an unknown god.
  1934 | D:2      | Reached XP level 6. HP: 53/53 MP: 6/6
  2185 | D:3      | Found a glowing silver altar of Zin.
  2806 | D:4      | Found a white marble altar of Elyvilon.
  2837 | D:4      | Reached skill level 5 in Fighting
  2946 | D:4      | Noticed Eustachio
  3112 | D:4      | Reached XP level 7. HP: 61/61 MP: 7/7
  3539 | D:2      | Killed Eustachio
  3540 | D:2      | Reached skill level 5 in Shields
  3600 | D:4      | Identified the +1 helmet of the Nexus {rElec rCorr Int+4
                  | Dex+3}
  3600 | D:4      | Noticed Robin
  3621 | D:4      | Killed Robin
  3622 | D:4      | Reached skill level 5 in Armour
  3748 | D:4      | Found a sacrificial altar of Ru.
  3873 | D:4      | Noticed Ijyb
  3897 | D:4      | Killed Ijyb
  4057 | D:4      | Found a runed translucent gate.
  4058 | D:4      | Found a runed translucent gate.
  4059 | D:4      | Found a runed translucent gate.
  4062 | D:4      | Noticed cheesebisquit's ghost (amateur MfTm)
  4097 | D:4      | Noticed Dowan
  4099 | D:4      | Noticed Duvessa
  4110 | D:4      | Killed Duvessa
  4120 | D:4      | Killed Dowan
  4504 | D:5      | Entered Level 5 of the Dungeon
  4526 | D:5      | Noticed a wyvern
  4541 | D:5      | Killed a wyvern
  4542 | D:5      | Reached XP level 8. HP: 13/70 MP: 8/8
  4946 | D:5      | Found a staircase to the Ecumenical Temple.
  4989 | Temple   | Entered the Ecumenical Temple
  4989 | Temple   | Found a transporter.
  4989 | Temple   | Found a transporter.
  5014 | Temple   | Found a transporter.
  5014 | Temple   | Found a transporter.
  5035 | Temple   | Became a worshipper of Warmaster Okawaru
  6150 | D:6      | Reached skill level 1 in Invocations
  6175 | D:6      | Reached XP level 9. HP: 78/78 MP: 9/9
  6253 | D:6      | Found a burning altar of Makhleb.
  6253 | D:6      | Noticed a cacodemon
  6709 | D:7      | Reached * piety under Okawaru
  6743 | D:7      | Found a blossoming altar of Fedhas.
  6758 | D:7      | HP: 3/79 [killer bee (4)]
  7008 | D:6      | Reached skill level 10 in Axes
  7226 | D:7      | Identified the ring of Arrival {rN++ AC+4 Str+4 Dex-3}
  7318 | D:7      | Reached ** piety under Okawaru
  7689 | D:8      | Noticed a hornet
  7690 | D:8      | Found a glowing golden altar of the Shining One.
  7694 | D:8      | Paralysed by a hornet for 1 turns
  7700 | D:8      | Paralysed by a hornet for 1 turns
  7708 | D:8      | Killed a hornet
  8194 | D:8      | Reached XP level 10. HP: 86/88 MP: 13/13
  8271 | D:8      | Identified the +4 sling of Aturr {elec, Int+3 Dex+2}
  8702 | D:8      | Found a hazy altar of Hepliaklqana.
  8771 | D:8      | Found a hide-covered altar of Uskayaw.
  8840 | D:8      | Identified a scroll of acquirement
  8841 | D:8      | Acquired 693 gold pieces
  8880 | D:8      | Reached skill level 5 in Invocations
  8951 | D:8      | Reached *** piety under Okawaru
  9128 | D:9      | Found a broken altar of Ashenzari.
  9422 | D:9      | Paralysed by a hornet for 3 turns
  9851 | D:9      | Reached **** piety under Okawaru
 10277 | D:9      | Noticed a skeletal warrior
 10325 | D:9      | Killed a skeletal warrior
 10326 | D:9      | Reached XP level 11. HP: 82/97 MP: 8/15
 10552 | D:9      | Identified the +12 dagger "Qeagycu" {pain, rC+ rCorr Str+2}
 10628 | D:10     | Entered Level 10 of the Dungeon
 10726 | D:10     | Found a runed translucent gate.
 10727 | D:10     | Found a runed translucent gate.
 10728 | D:10     | Found a runed translucent gate.
 10731 | D:10     | Found an opulent altar of Gozag.
 10733 | D:10     | Found Matwokkiha's Assorted Antiques.
 10733 | D:10     | Noticed a four-headed hydra
 10733 | D:10     | Noticed a wolf spider
 10733 | D:10     | Noticed workbot's ghost (novice MiBe)
 10752 | D:10     | Found a flagged portal.
 10901 | Bailey   | Entered a bailey
 11419 | Bailey   | Identified the +4 plate armour "Tosuokku" {*Slow rN+ Will++
                  | rCorr}
 11420 | Bailey   | Noticed an orc knight
 11439 | Bailey   | Killed an orc knight
 11984 | D:10     | Found a staircase to the Lair.
 12040 | D:10     | Reached skill level 10 in Fighting
 12658 | D:4      | Killed cheesebisquit's ghost
 12916 | Lair:1   | Entered Level 1 of the Lair of Beasts
 12916 | Lair:1   | You fall into a shaft and drop 1 floor!
 13004 | Lair:2   | Reached ***** piety under Okawaru
 13010 | Lair:2   | Reached XP level 12. HP: 92/106 MP: 18/18
 13223 | Lair:1   | Reached skill level 15 in Axes
 13757 | Lair:1   | Received a gift from Okawaru
 13926 | Lair:1   | Found a runed translucent door.
 13926 | Lair:1   | Noticed suzumiya's ghost (novice MfIE)
 14358 | Lair:1   | Reached skill level 10 in Shields
 14685 | Lair:2   | Reached skill level 10 in Armour
 14919 | Lair:2   | Received a gift from Okawaru
 14965 | Lair:2   | Found a staircase to the Snake Pit.
 16612 | Lair:3   | Identified the +0 war axe "Hell-Harrower" {heavy, rElec
                  | Will+ Stlth+}
 16724 | Lair:3   | Reached XP level 13. HP: 64/116 MP: 20/20
 16964 | Lair:3   | Reached skill level 10 in Invocations
 17335 | Lair:3   | Found a staircase to the Shoals.
 17929 | Lair:3   | Received a gift from Okawaru
 18542 | Lair:4   | Found a viscous altar of Jiyva.
 18542 | Lair:4   | Found a staircase to the Slime Pits.
 18986 | Lair:4   | Reached ****** piety under Okawaru
 18991 | Lair:4   | Received a gift from Okawaru
 19255 | Lair:4   | Reached XP level 14. HP: 125/129 MP: 22/22
 19580 | Lair:5   | Entered Level 5 of the Lair of Beasts
 20434 | Lair:5   | Identified the +0 swamp dragon scales of Okawaru, Uplifting
                  | {Fly rPois} (Okawaru gifted it to you on level 5 of the
                  | Lair of Beasts)
 20434 | Lair:5   | Received a gift from Okawaru
 21183 | Lair:5   | Found the +3 giant club "Skullcrusher" {speed, Str+7}
 21187 | Lair:5   | Identified the staff of poison "Vasch" {Fly rPois rC- rCorr
                  | Dex+2}
 21938 | D:11     | Found a gate leading to a gauntlet.
 21948 | Gauntlet | Entered a Gauntlet
 21948 | Gauntlet | Found a transporter.
 21951 | Gauntlet | Found a transporter.
 21955 | Gauntlet | Found a transporter.
 21958 | Gauntlet | Found a transporter.
 21958 | Gauntlet | Found a transporter.
 21959 | Gauntlet | Found a transporter.
 21968 | Gauntlet | Found a transporter.
 21975 | Gauntlet | Found a transporter.
 21988 | Gauntlet | Found a transporter.
 22005 | Gauntlet | Found a transporter.
 22009 | Gauntlet | Found a transporter.
 22011 | Gauntlet | Found a runed translucent gate.
 22011 | Gauntlet | Found a runed translucent gate.
 22011 | Gauntlet | Found a runed translucent gate.
 22017 | Gauntlet | Found a transporter.
 22441 | Gauntlet | Identified the amulet "Urhosant" {Acrobat Int+3}
 22731 | D:11     | Found an iron altar of Okawaru.
 22975 | D:11     | Reached XP level 15. HP: 139/139 MP: 24/24
 23018 | D:12     | Found Beinlir's Jewellery Shop.
 23027 | D:12     | Bought a ring of protection from cold for 250 gold pieces
 23078 | D:12     | Found a staircase to the Orcish Mines.
 23079 | D:12     | Identified the +5 mace of Vuxkunliagi {pain, Stlth+}
 23197 | D:12     | Reached skill level 15 in Fighting
 23909 | Orc:1    | Entered Level 1 of the Orcish Mines
 23945 | Orc:1    | Found a roughly hewn altar of Beogh.
 23974 | Orc:1    | Identified the +1 executioner's axe of Zianil {speed, rC+
                  | Int-2 Dex+4} (Okawaru gifted it to you on level 1 of the
                  | Orcish Mines)
 23974 | Orc:1    | Received a gift from Okawaru
 24127 | Orc:1    | Noticed Snorg
 24140 | Orc:1    | Killed Snorg
 24580 | Orc:1    | Noticed an orc warlord
 24606 | Orc:1    | Killed an orc warlord
 24760 | Orc:2    | Entered Level 2 of the Orcish Mines
 24941 | Orc:2    | Noticed an orc warlord
 24957 | Orc:2    | Killed an orc warlord
 24965 | Orc:2    | Found Muabb's Antique Armour Shop.
 24965 | Orc:2    | Found a roughly hewn altar of Beogh.
 24970 | Orc:2    | Found Kof Zuts's Antique Weapon Boutique.
 24973 | Orc:2    | Identified the +2 pair of gloves of Dolur {rF+ rC+ Int+4}
                  | (Okawaru gifted it to you on level 2 of the Orcish Mines)
 24973 | Orc:2    | Received a gift from Okawaru
 24994 | Orc:2    | Bought a glowing helmet for 255 gold pieces
 24994 | Orc:2    | Bought a pair of fine gloves for 323 gold pieces
 24994 | Orc:2    | Identified the +3 pair of gloves of Yhiosoefodgh {rN+++
                  | Int+6 Dex-3} (You bought it in a shop on level 2 of the
                  | Orcish Mines)
 25065 | Orc:2    | Found a staircase to the Elven Halls.
 25199 | Orc:2    | Found a roughly hewn altar of Beogh.
 25311 | Orc:2    | Found a roughly hewn altar of Beogh.
 25484 | Orc:2    | Found a roughly hewn altar of Beogh.
 25485 | Orc:2    | Found Leryruz's Assorted Antiques.
 25500 | Orc:2    | Bought a metallic black potion for 22 gold pieces
 25500 | Orc:2    | Bought a scroll of fear for 100 gold pieces
 25500 | Orc:2    | Bought a potion of heal wounds for 125 gold pieces
 25661 | Orc:2    | Found a roughly hewn altar of Beogh.
 25760 | Orc:2    | Found Zegheq's Distillery.
 25765 | Orc:2    | Bought a potion of curing for 48 gold pieces
 25765 | Orc:2    | Bought a potion of curing for 48 gold pieces
 25765 | Orc:2    | Bought a potion of heal wounds for 80 gold pieces
 25809 | Orc:2    | Found a roughly hewn altar of Beogh.
 26467 | D:13     | Identified the +7 trident "Beastbane" {elec, rElec rPois
                  | rC++ Dex-3}
 26627 | D:13     | Found a glowing silver altar of Zin.
 26655 | D:13     | Found Sibiumm's Armour Shop.
 27500 | D:14     | Found a stormy altar of Qazlal.
 27734 | D:14     | Paralysed by something for 5 turns
 27812 | D:14     | Found a gate to the Vaults.
 27846 | D:14     | Reached XP level 16. HP: 137/152 MP: 26/26
 27886 | D:14     | Found a runed translucent gate.
 27887 | D:14     | Found a runed translucent gate.
 27888 | D:14     | Found a runed translucent gate.
 27996 | D:14     | Found Ceuxt's Firing Range.
 28499 | Snake:1  | Entered Level 1 of the Snake Pit
 28776 | Snake:1  | Received a gift from Okawaru
 29074 | Snake:1  | Received a gift from Okawaru
 29476 | Snake:2  | Noticed Vashnia
 29486 | Snake:2  | Found a transporter.
 29919 | Snake:2  | Noticed Dittersdorf's ghost (adept MiBe)
 29936 | Snake:2  | Killed Vashnia
 30190 | Snake:2  | Found a transporter.
 30408 | Snake:2  | Received a gift from Okawaru
 30896 | Snake:3  | Identified the ring of Xopreimp {Str+5 SInv}
 31011 | Snake:3  | Found a glowing golden altar of the Shining One.
 31042 | Snake:3  | Noticed Donald
 31080 | Snake:2  | Killed Donald
 31148 | Snake:3  | Noticed Mlioglotl
 31383 | Snake:3  | Killed Mlioglotl
 31384 | Snake:3  | Reached XP level 17. HP: 163/163 MP: 19/27
 31454 | Snake:3  | Noticed Bai Suzhen
 31490 | Snake:3  | Killed Bai Suzhen
 31825 | Snake:3  | Identified the +6 morningstar of Expedience {antimagic, rF+
                  | Will++ Int+3 Stlth-}
 31918 | Snake:3  | Received a gift from Okawaru
 32071 | Snake:4  | Entered Level 4 of the Snake Pit
 32215 | Snake:4  | Reached skill level 15 in Invocations
 32444 | Snake:4  | Identified the +0 helmet of the Original Sin {Rampage rF+
                  | rC++ Stlth+} (Okawaru gifted it to you on level 4 of the
                  | Snake Pit)
 32444 | Snake:4  | Received a gift from Okawaru
 33390 | Snake:4  | Reached XP level 18. HP: 160/174 MP: 22/29
 33400 | Snake:4  | Got a serpentine rune of Zot
 33875 | D:10     | Killed workbot's ghost
 33905 | D:10     | Bought a scroll of magic mapping for 217 gold pieces
 34099 | D:14     | Found a runed translucent gate.
 34099 | D:14     | Found a runed translucent gate.
 34103 | D:14     | Found a runed translucent gate.
 34109 | D:14     | Noticed chickenninja42's ghost (journeyman MiCK)
 34111 | D:14     | Noticed a tentacled monstrosity
 34296 | Lair:1   | Killed suzumiya's ghost
 34450 | Elf:1    | Entered Level 1 of the Elven Halls
 34684 | Elf:1    | Found Winnic's Distillery.
 34753 | Elf:1    | Bought 2 potions of heal wounds for 170 gold pieces
 34753 | Elf:1    | Bought a potion of might for 68 gold pieces
 34753 | Elf:1    | Bought a potion of heal wounds for 85 gold pieces
 34753 | Elf:1    | Bought a potion of haste for 170 gold pieces
 34808 | Elf:1    | Paralysed by an air elemental for 1 turns
 34813 | Elf:1    | Paralysed by an air elemental for 1 turns
 34821 | Elf:1    | Identified the +8 chain mail of Xoalor {Harm rCorr Str-3}
                  | (Okawaru gifted it to you on level 1 of the Elven Halls)
 34821 | Elf:1    | Received a gift from Okawaru
 35045 | Elf:1    | Found Qiquask's Antique Armour Shoppe.
 35245 | Elf:1    | Found Dydoozup's Jewellery Boutique.
 35249 | Elf:1    | Bought an amulet of reflection for 450 gold pieces
 35249 | Elf:1    | Bought the ring "Hidwemul" {rPois rC+ rCorr Str+6 Dex+2}
                  | for 960 gold pieces
 35615 | Elf:1    | Found Anweoleb's Antique Armour Shop.
 35910 | Elf:2    | Reached skill level 15 in Armour
 36097 | Elf:2    | Found a frozen archway.
 36112 | IceCv    | Entered an ice cave
 36122 | IceCv    | Reached skill level 15 in Shields
 36767 | IceCv    | Got the Tome of Frostbite
 36968 | Elf:2    | Reached XP level 19. HP: 185/185 MP: 31/31
 37065 | Elf:2    | Found a shimmering blue altar of Sif Muna.
 37223 | Elf:2    | Identified the +7 chain mail of Ojaej {MP+9 Int+3 Dex+2}
                  | (Okawaru gifted it to you on level 2 of the Elven Halls)
 37223 | Elf:2    | Received a gift from Okawaru
 37275 | Elf:2    | Found Golysargh's Antique Weapon Boutique.
 37656 | Elf:2    | Found a corrupted altar of Lugonu.
 37669 | Elf:2    | Found a roughly hewn altar of Beogh.
 37777 | Elf:2    | Found a runed translucent gate.
 37778 | Elf:2    | Found a runed translucent gate.
 37778 | Elf:2    | Found a runed translucent gate.
 38126 | D:12     | Bought a ring of flight for 175 gold pieces
 38269 | Shoals:1 | Entered Level 1 of the Shoals
 38742 | Shoals:1 | Noticed Aizul
 38754 | Shoals:1 | Killed Aizul
 40399 | Shoals:2 | Noticed Louise
 40404 | Abyss:3  | Cast into level 3 of the Abyss (Louise)
 40439 | Abyss:3  | Found a corrupted altar of Lugonu.
 40459 | Abyss:3  | Noticed a bone dragon
 40470 | Abyss:3  | Killed a bone dragon
 40669 | Abyss:4  | Noticed a dread lich
 40686 | Abyss:4  | Killed a dread lich
 40687 | Abyss:4  | Noticed a Hell Sentinel
 40701 | Abyss:4  | Killed a Hell Sentinel
 40714 | Shoals:2 | Escaped the Abyss
 40724 | Shoals:2 | Killed Louise
 40742 | Shoals:2 | Reached XP level 20. HP: 103/198 MP: 27/32
 41490 | Shoals:3 | Found a radiant altar of Vehumet.
 42512 | Vaults:1 | Entered Level 1 of the Vaults
 42600 | Vaults:1 | Identified the +0 chain mail "Kecsesox" {rElec rPois rCorr
                  | Int-3}
 42958 | Vaults:1 | Identified the scarf of Fortification {shadows, rC++ rN+
                  | Dex-3 Slay+3} (Okawaru gifted it to you on level 1 of the
                  | Vaults)
 42958 | Vaults:1 | Received a gift from Okawaru
 43420 | Vaults:1 | Identified the +0 scimitar of Chaos {pain, Fly}
 43473 | Vaults:1 | Noticed Nikola
 43488 | Vaults:1 | Killed Nikola
 44375 | D:15     | Entered Level 15 of the Dungeon
 44492 | D:15     | Identified the +3 scale mail of Utimp {rPois Dex+7}
 44535 | D:15     | Noticed Kirke
 44544 | D:15     | Killed Kirke
 44667 | D:15     | Found a staircase to the Depths.
 45401 | Shoals:4 | Entered Level 4 of the Shoals
 45502 | Shoals:4 | Found a snail-covered altar of Cheibriados.
 45525 | Shoals:3 | Paralysed by an air elemental for 1 turns
 45528 | Shoals:3 | Paralysed by an air elemental for 1 turns
 46273 | Shoals:4 | Reached XP level 21. HP: 188/209 MP: 28/34
 46573 | Shoals:4 | Identified the ring "Ytuacokh" {Fly rC+ rCorr}
 46936 | Shoals:4 | Got a barnacled rune of Zot
 46948 | Shoals:4 | Identified the +9 dagger "Murmur" {spect, Int+3 Dex+3}
 47237 | Shoals:4 | Received a gift from Okawaru
 47265 | Shoals:4 | Paralysed by an air elemental for 1 turns
 47363 | Shoals:4 | Paralysed by an air elemental for 1 turns
 47367 | Shoals:4 | Paralysed by an air elemental for 1 turns
 47369 | Shoals:4 | Paralysed by an air elemental for 1 turns
 47373 | Shoals:4 | Paralysed by an air elemental for 1 turns
 47893 | Vaults:2 | Noticed Margery
 47918 | Vaults:2 | Killed Margery
 48065 | Vaults:2 | Found a portal to a secret trove of treasure.
 48074 | Vaults:2 | You paid a toll of 4 scrolls of fog to enter a treasure
                  | trove
 48075 | Trove    | Entered a treasure trove
 48085 | Trove    | Identified the +1 battleaxe "Mivuu" {venom, rF+ rC+++
                  | Dex-3}
 48087 | Trove    | Identified the +5 executioner's axe of Upaoproco {vamp,
                  | rN++ rCorr}
 48097 | Trove    | Identified the +4 war axe "Seigiu" {heavy, Fragile Int+2
                  | Dex+7}
 48662 | Vaults:2 | Identified the +4 short sword of Disembowelment {freeze,
                  | rPois rCorr Str+4 Dex-4}
 48842 | Vaults:2 | Found a staircase to the Crypt.
 50117 | Vaults:3 | Reached skill level 27 in Axes
 50144 | Vaults:3 | Found Peotumn's Antique Armour Emporium.
 50211 | Vaults:3 | Identified the +2 pair of gloves "Nakupnoe" {+Blink rPois
                  | rC+ Regen+} (Okawaru gifted it to you on level 3 of the
                  | Vaults)
 50211 | Vaults:3 | Received a gift from Okawaru
 50404 | Vaults:3 | Noticed Xtahua
 50410 | Vaults:3 | Killed Xtahua
 50579 | Vaults:3 | Reached XP level 22. HP: 220/220 MP: 35/35
 50766 | Vaults:4 | Found a runed translucent gate.
 50766 | Vaults:4 | Found a runed translucent gate.
 50766 | Vaults:4 | Found a runed translucent gate.
 50782 | Vaults:4 | Found a flickering gateway to a bazaar.
 50791 | Bazaar   | Entered a bazaar
 50805 | Bazaar   | Found Casot's Armour Shop.
 50823 | Bazaar   | Found Wowked's Jewellery Shop.
 50836 | Bazaar   | Found Pemeugg's Assorted Antiques.
 50836 | Bazaar   | Found Hiuluy's Distillery.
 50842 | Bazaar   | Bought a potion of haste for 120 gold pieces
 50905 | Bazaar   | Bought a potion of might for 48 gold pieces
 50905 | Bazaar   | Bought a potion of resistance for 120 gold pieces
 51428 | Vaults:4 | Identified the +9 chain mail "Zodwaor" {rF++ Regen+}
 51552 | Vaults:4 | Received a gift from Okawaru
 51675 | Vaults:4 | Identified the ring "Cyrim" {rF+ Will+ Str+6 Dex+3}
 51769 | Vaults:4 | Noticed safid's ghost (adept MfIE)
 52114 | Vaults:4 | Killed safid's ghost
 52201 | Vaults:5 | Entered Level 5 of the Vaults
 52206 | Vaults:5 | Received a gift from Okawaru
 52275 | Vaults:5 | Noticed a golden dragon
 52281 | Vaults:5 | Killed a golden dragon
 52305 | Vaults:5 | Received a gift from Okawaru
 52435 | Vaults:5 | Got Sif Muna's Dissertation on the Gathered Atmosphere
 52521 | Vaults:5 | Reached XP level 23. HP: 236/236 MP: 36/36
 52581 | Vaults:5 | Received a gift from Okawaru
 52682 | Vaults:5 | Noticed a golden dragon
 52697 | Vaults:5 | Killed a golden dragon
 52811 | Vaults:5 | Found the +7 great mace "Undeadhunter" {deathbane, rN+}
 52825 | Vaults:5 | Identified the staff of poison "Waoriole" {Fly rPois rC+
                  | rCorr}
 52827 | Vaults:5 | Identified the +10 short sword "Pefuroe" {flame, rC+}
 53186 | Vaults:5 | Found the +8 Wrath of Trog {antimagic, *Rage Rampage}
 53281 | Vaults:5 | Reached skill level 27 in Fighting
 53286 | Vaults:5 | Noticed a dread lich
 53293 | Vaults:5 | Identified the +5 morningstar "Foing" {vamp, Str+3}
 53303 | Vaults:5 | Killed a dread lich
 53401 | Vaults:5 | Got a silver rune of Zot
 53441 | Vaults:5 | Identified the +3 chain mail "Verghisef" {rF+ Int+2}
 53505 | Vaults:5 | Identified the +1 war axe of Xishrofoo {freeze, SInv}
 54192 | Depths:1 | Entered Level 1 of the Depths
 54359 | Depths:1 | Found a flickering gateway to a bazaar.
 54385 | Bazaar   | Entered a bazaar
 54385 | Bazaar   | Found Qyum Jic's Antique Weapon Emporium.
 54385 | Bazaar   | Found Ripibu's Antique Weapon Shoppe.
 54385 | Bazaar   | Found Zeumest's Antique Weapon Emporium.
 54387 | Bazaar   | Found Zuhiclyh's Magic Scroll Shoppe.
 54395 | Bazaar   | Bought a scroll of magic mapping for 60 gold pieces
 54525 | Depths:1 | Found a gateway to Hell.
 54954 | Depths:1 | Identified the +0 pair of boots of the Arcane {Int+3 Dex+3}
                  | (Okawaru gifted it to you on level 1 of the Depths)
 54954 | Depths:1 | Received a gift from Okawaru
 55197 | Depths:1 | Reached XP level 24. HP: 173/249 MP: 36/36
 55656 | Depths:2 | Found a shadowy altar of Dithmenos.
 56037 | Depths:2 | Found a one-way gate to the infinite horrors of the Abyss.
 56142 | Depths:2 | Found a one-way gate leading to the halls of Pandemonium.
 56374 | Depths:3 | Identified the +5 hand axe of the Exiled Seas {flame, Drain
                  | rC+ Str+4} (Okawaru gifted it to you on level 3 of the
                  | Depths)
 56374 | Depths:3 | Received a gift from Okawaru
 56464 | Depths:3 | Found a one-way gateway to a ziggurat.
 56688 | Depths:3 | Found a runed translucent door.
 56689 | Depths:3 | Noticed Gucom's ghost (veteran GnFi)
 56840 | Depths:3 | Identified the +5 morningstar of Yhoixusu {speed, rCorr}
 57025 | Depths:3 | Killed Gucom's ghost
 57084 | Depths:4 | Entered Level 4 of the Depths
 57090 | Depths:4 | Found a corrupted altar of Lugonu.
 57118 | Depths:4 | Found Kaakk's Jewellery Shop.
 57153 | Depths:4 | Received a gift from Okawaru
 57254 | Depths:4 | Noticed a juggernaut
 57272 | Depths:4 | Killed a juggernaut
 57324 | Depths:4 | Found Guri's Jewellery Boutique.
 57325 | Depths:4 | Found Lyshrot's Book Shoppe.
 57335 | Depths:4 | Found Pianucon's Jewellery Boutique.
 57400 | Depths:4 | Found Byastu Urefe's Antique Armour Shoppe.
 57635 | Depths:4 | Noticed a caustic shrike
 57636 | Depths:4 | Noticed a caustic shrike
 57637 | Depths:4 | Noticed a caustic shrike
 57637 | Depths:4 | Noticed a caustic shrike
 57644 | Depths:4 | Killed a caustic shrike
 57645 | Depths:4 | Killed a caustic shrike
 57646 | Depths:4 | Reached XP level 25. HP: 243/257 MP: 36/36
 57699 | Depths:4 | Found Roack's Antique Weapon Boutique.
 57815 | Depths:4 | Received a gift from Okawaru
 57815 | Depths:4 | Found the +4 consecrated labrys {holy, Valiant Fragile Fly
                  | SInv}
 57886 | Depths:4 | Bought the amulet of Wugem {Rampage rElec Regen+ rCorr
                  | Stlth-} for 578 gold pieces
 57938 | Depths:4 | Found Vudab's Magic Scroll Emporium.
 57948 | Depths:4 | Bought a scroll of blinking for 105 gold pieces
 58075 | Depths:4 | Found a gate to the Realm of Zot.
 58212 | Depths:4 | Found Cypni's Magic Scroll Boutique.
 58358 | Zot:1    | Entered Level 1 of the Realm of Zot
 58367 | Zot:1    | Noticed an ancient lich
 58390 | Zot:1    | Killed an ancient lich
 59123 | Zot:1    | Received a gift from Okawaru
 59217 | Zot:1    | Identified the +4 mace of the Rescuing Visionary {protect,
                  | rElec rC- rN+ Int+3}
 59502 | Zot:1    | Reached skill level 27 in Armour
 59693 | Zot:1    | Reached skill level 1 in Evocations
 60011 | Zot:2    | Reached skill level 5 in Evocations
 60077 | Zot:2    | Found a runed translucent door.
 60077 | Zot:2    | Noticed Dawneret's ghost (master GnFi)
 60229 | Zot:2    | Identified the +6 war axe of the Ring {antimagic, Will+
                  | rCorr Str+2 Int+2} (Okawaru gifted it to you on level 2 of
                  | the Realm of Zot)
 60229 | Zot:2    | Received a gift from Okawaru
 60410 | Zot:2    | Noticed a Killer Klown
 60428 | Zot:2    | Killed a Killer Klown
 60438 | Zot:2    | Reached XP level 26. HP: 266/266 MP: 32/36
 60627 | Zot:2    | Killed Dawneret's ghost
 60628 | Zot:2    | Reached skill level 10 in Evocations
 60633 | Zot:2    | Identified the +6 hand axe "Oreubac" {venom, rElec}
 60867 | Zot:3    | Identified the +8 broad axe of Maeketus {spect, Dex+4
                  | Stlth+} (Okawaru gifted it to you on level 3 of the Realm
                  | of Zot)
 60867 | Zot:3    | Received a gift from Okawaru
 60898 | Zot:3    | Noticed a Killer Klown
 61041 | Zot:3    | Noticed a dread lich
 61050 | Zot:3    | Killed a dread lich
 61106 | Zot:3    | Killed a Killer Klown
 61109 | Zot:3    | Acquired 1059 gold pieces
 61116 | Zot:3    | Noticed an orb of fire
 61132 | Zot:3    | Gained mutation: You are weak. (Str -2) [an orb of fire]
 61134 | Zot:3    | Killed an orb of fire
 61302 | Zot:3    | Noticed a Killer Klown
 61534 | Zot:3    | Killed a Killer Klown
 61573 | Zot:3    | Received a gift from Okawaru
 61659 | Zot:3    | You fall into a shaft and drop 1 floor!
 62661 | Zot:4    | Reached skill level 15 in Evocations
 62899 | Zot:4    | Identified the +0 helmet "Ciofec" {rC+} (Okawaru gifted it
                  | to you on level 4 of the Realm of Zot)
 62899 | Zot:4    | Received a gift from Okawaru
 63105 | Zot:4    | Reached XP level 27. HP: 262/273 MP: 0/36
 63114 | Zot:4    | Noticed an orb of fire
 63117 | Zot:4    | Gained mutation: You are very weak. (Str -4) [an orb of
                  | fire]
 63120 | Zot:4    | Gained mutation: Your body sometimes deteriorates upon
                  | taking damage. [an orb of fire]
 63124 | Zot:4    | Killed an orb of fire
 63292 | Zot:4    | Lost mutation: Your body sometimes deteriorates upon taking
                  | damage. [potion of mutation]
 63292 | Zot:4    | Lost mutation: You are very weak. (Str -4) [potion of
                  | mutation]
 63292 | Zot:4    | Gained mutation: You expend magic power (3 MP) to
                  | strengthen your wands. [potion of mutation]
 64003 | Zot:5    | Entered Level 5 of the Realm of Zot
 65019 | Zot:5    | Noticed an orb of fire
 65025 | Zot:5    | Gained mutation: You are strong-willed. (Will+) [an orb of
                  | fire]
 65026 | Zot:5    | Gained mutation: You are frail. (-10% HP) [an orb of fire]
 65028 | Zot:5    | Gained mutation: You are clumsy. (Dex -2) [an orb of fire]
 65030 | Zot:5    | Killed an orb of fire
 65038 | Zot:5    | Noticed an ancient lich
 65053 | Zot:5    | Killed an ancient lich
 65112 | Zot:5    | Noticed an orb of fire
 65118 | Zot:5    | Gained mutation: Your magical capacity is low. (-10% MP)
                  | [an orb of fire]
 65129 | Zot:5    | Gained mutation: You occasionally lose the ability to read
                  | scrolls when taking damage. [an orb of fire]
 65131 | Zot:5    | Gained mutation: You sometimes lose your temper in combat.
                  | [an orb of fire]
 65139 | Zot:5    | Killed an orb of fire
 65158 | Zot:5    | Lost mutation: You are frail. (-10% HP) [potion of
                  | mutation]
 65158 | Zot:5    | Lost mutation: You occasionally lose the ability to read
                  | scrolls when taking damage. [potion of mutation]
 65158 | Zot:5    | Lost mutation: Your magical capacity is low. (-10% MP)
                  | [potion of mutation]
 65158 | Zot:5    | Lost mutation: You are weak. (Str -2) [potion of mutation]
 65158 | Zot:5    | Gained mutation: You passively dampen the noise of your
                  | surroundings. [potion of mutation]
 65158 | Zot:5    | Lost mutation: You sometimes lose your temper in combat.
                  | [potion of mutation]
 65191 | Zot:5    | Identified the +0 pair of boots "Lirid" {rF+ Will- Str+4
                  | Dex+5} (Okawaru gifted it to you on level 5 of the Realm of
                  | Zot)
 65191 | Zot:5    | Received a gift from Okawaru
 65388 | Zot:5    | Noticed an ancient lich
 65397 | Zot:5    | Noticed a dread lich
 65398 | Zot:5    | Killed an ancient lich
 65407 | Zot:5    | Killed a dread lich
 65815 | Zot:5    | Noticed a dread lich
 65818 | Zot:5    | Noticed an ancient lich
 65837 | Zot:5    | Killed a dread lich
 65840 | Zot:5    | Killed an ancient lich
 66101 | Zot:5    | Noticed an ancient lich
 66118 | Zot:5    | Killed an ancient lich
 66138 | Zot:5    | Noticed an ancient lich
 66148 | Zot:5    | Killed an ancient lich
 66157 | Zot:5    | Noticed an orb of fire
 66159 | Zot:5    | Gained mutation: You have sharp toenails. [an orb of fire]
 66179 | Zot:5    | Lost mutation: You are clumsy. (Dex -2) [an orb of fire]
 66200 | Zot:5    | Killed an orb of fire
 66452 | Zot:5    | Got the Orb of Zot
 66815 | D:14     | Noticed Ashraun the pandemonium lord
 67153 | D:$      | Escaped with the Orb!

Illustrated notes

Levels and vault maps discovered:
D:1:      dpeg_arrival_simpleton_c, layout_basic, minmay_misc_feat_diagonals
D:2:      layout_basic, shapermc_ecumenical_altar_notcrosses, uniq_sigmund
D:3:      layout_loops_ring, lemuel_crystal_altar
D:4:      layout_basic, lemuel_coloured_pillars_altar, elyvilon_altar_3,
          gammafunk_ghost_nasty_kobolds, kennysheep_generic_room_5, uniq_ijyb,
          uniq_robin, uniq_duvessa, uniq_eustachio
D:5:      layout_gridville, minmay_temple_entry_gardened_gates,
          hangedman_decor_points
D:6:      layout_basic, makhleb_altar_promises_db
D:7:      layout_rooms, overflow_temple_1_default,
          lightli_ossuary_entry_decrepit_ruins
D:8:      layout_basic, nicolae_uskayaw_dance_studio,
          nicolae_tso_carved_into_rock, marbit_many_paths
D:9:      layout_basic, nicolae_ashenzari_skybound, dilly_guarded_unrand_morg
D:10:     layout_irregular_city, due_lair_maze_entry_diamond,
          ebering_ghost_gozag, enter_bailey_2
D:11:     layout_basic, gauntlet_entry_generic, nicolae_hexahallways,
          okawaru_metal_pillars_1_2
D:12:     layout_cave_pools, orc_0_dummy, serial_shops, shop, nooodl_orcs_dogs
D:13:     layout_stronghold, serial_shops, shop, zin_treasury
D:14:     layout_roguey, grunt_vaults_entry_fortified,
          nicolae_qazlal_scattered_showers,
          ploomutoo_gammafunk_ghost_potion_laboratory,
          ebering_dispersal_statue_hall, nicolae_shop_firing_range
D:15:     grunt_enter_depths_hoard, layout_loops_ring, minivault_24, uniq_kirke
Temple:   hellmonk_temple_divided_pantheon
Lair:1:   layout_long_grid, gammafunk_ghost_grave
Lair:2:   layout_cave_pods, guppyfry_snake_entry_island,
          chequers_serial_rivers_large_a, nicolae_quartered_pool_little,
          lemuel_fruit_tree, lemuel_fruit_fields
Lair:3:   layout_gridlike, minmay_shoals_entry_hut
Lair:4:   layout_gridlike, slime_entry_1, serial_bayou_lake_a
Lair:5:   grunt_lair_end_beastmaster, layout_small_grid,
          pdpol_lair_cavern_descent
Shoals:1: layout_shoals, uniq_aizul
Shoals:2: layout_shoals, nicolae_splish_splash, uniq_louise
Shoals:3: layout_shoals, lemuel_oklob_altar
Shoals:4: shoals_end_hellmonk_storm_palace [storm_palace_center_circular,
          storm_palace_corner_reverse_hut, storm_palace_corner_pillars,
          storm_palace_corner_narrow, storm_palace_corner_altar]
Snake:1:  layout_layer_cave
Snake:2:  layout_rooms, gammafunk_ghost_arena, uniq_vashnia
Snake:3:  layout_gridlike, basic_altar, nicolae_snake_naga_rites,
          uniq_bai_suzhen, uniq_mlioglotl, uniq_donald
Snake:4:  snake_pit_salamanders_mu, layout_rooms
Orc:1:    dreamdust_under_siege, layout_diamond_mine, serial_shops, uniq_snorg
Orc:2:    grunt_orc_community_town_hall, layout_caves,
          grunt_orc_community_big_house_2, grunt_orc_community_big_house_1,
          grunt_orc_community_house_1, grunt_orc_community_house_2,
          grunt_orc_community_house_2, grunt_orc_community_house_2,
          grunt_orc_community_house_1, nicolae_orc_crystal_geode
Elf:1:    eino_elf_arrival_shootout, layout_loops_corners, serial_shops, shop,
          shop, nicolae_shop_real_fake_doors, nicolae_shop_back_alley_shop,
          st_stairs_7
Elf:2:    nicolae_elf_blades_crystal_corner, layout_loops_corners, basic_altar,
          portal_ice_cave_entry_pillars_four, serial_shops, shop,
          nicolae_elf_theology_debate
Vaults:1: v_misc_30, hangedman_vaults_variations, nicolae_vaults_meiosis,
          nicolae_vaults_heart-shaped_vault, hangedman_vaults_stream,
          vaults_room_grunt_arrival_ludios, ontoclasm_vaults_misaligned,
          ontoclasm_vaults_idyll, v_misc_24, nicolae_vaults_statue_guard,
          layout_vaults_ring, serial_glass, uniq_nikola
Vaults:2: hangedman_vaults_locks, minmay_crypt_entry_vampire_xt,
          nicolae_vaults_closet_pinwheel_6, nicolae_vaults_murderbox,
          nicolae_vaults_trapezoid_lopsided_3, ontoclasm_vaults_gateway,
          layout_vaults_omnigrid, nicolae_trove_entry_free_sample, uniq_margery
Vaults:3: nicolae_vaults_security_offices_4, nicolae_vaults_house_3,
          ontoclasm_vaults_loading_screen, ontoclasm_vaults_fault,
          ontoclasm_vaults_idyll, nicolae_vaults_heart-shaped_vault, v_rooms_5,
          vaults_room_pools, nicolae_vaults_network_periphery,
          nicolae_vaults_heist, nicolae_vaults_storage_room_glass,
          vaults_room_boxed, v_misc_13, nicolae_vaults_trapezoid_lopsided_4,
          nicolae_vaults_closet_pinwheel_4, layout_vaults_omnibox, serial_shops,
          shop, uniq_xtahua
Vaults:4: gammafunk_ghost_necromancy, nicolae_vaults_minivaults,
          grunt_vaults_trifunnel, nicolae_vaults_sealed_display,
          nicolae_vaults_storage_closets_1, nicolae_vaults_closet_pinwheel_2,
          ontoclasm_vaults_pinch, nicolae_vaults_trapezoid_lopsided_3,
          hangedman_vaults_maws, nicolae_vaults_trapezoid_lopsided_1,
          nicolae_vaults_theta, layout_vaults_big_room, serial_shops,
          bzr_firewalk
Vaults:5: serial_shops
Depths:1: layout_basic, nrook_uturn, serial_shops, bzr_entry_islet, hellmouth_3,
          lemuel_nasty_fountain
Depths:2: nicolae_cairo_tiling_very_big, layout_small_grid, abyss_entry,
          grunt_pan_entry_spiral, hell_entry, nicolae_dithmenos_shadow_blocks,
          minmay_staircase_windowed_large
Depths:3: evilmike_halls_of_destruction, layout_cave_pools, enter_ziggurat_a,
          ebering_ghost_reflecting_pool, grunt_hell_horde,
          abyss_entry_small_statue_room, kennysheep_nondescript
Depths:4: grunt_zot_entry_gee_three, layout_gridlike, abyss_entry_flame_altar,
          serial_shops, nicolae_shop_rolled_up, shop_statue, shop, shop,
          nicolae_shop_back_alley_shop, chequers_serial_rivers_small_a,
          hell_entry, minmay_shop_grove
Zot:1:    ebering_greatest_show_in_zot, layout_basic
Zot:2:    layout_misc_corridors, ebering_ghost_inner_flame
Zot:3:    ebering_klown_carousel, layout_misc_corridors
Zot:4:    layout_onion, hangedman_snake_sidewinding
Zot:5:    layout_misc_corridors

Skill      XL: |  1  2  3  4  5  6  7  8  9 10 11 12 13 14 15 16 17 18 19 20 21 22 23 24 25 26 27 |
---------------+----------------------------------------------------------------------------------+-----
Axes           | 3 5 6 7 9 11 13 14 16 17 19 20 21 22 23 25 26 27 | 27.0
Fighting       | 4 5 6 8 9 10 11 13 14 16 17 18 20 21 22 23 25 27 | 27.0
Armour         | 4 5 6 7 8 9 10 11 12 13 14 15 16 17 18 21 25 27 | 27.0
Shields        | 4 5 6 7 8 9 10 11 12 13 14 15 16 17 | 17.2
Invocations    | 1 4 6 8 9 11 12 13 14 15 16 17 18 19 | 19.1
Evocations     | 9 16 21 | 21.9
Spellcasting   | |  0.7

Action                     |  1- 3 |  4- 6 |  7- 9 | 10-12 | 13-15 | 16-18 | 19-21 | 22-24 | 25-27 || total
---------------------------+-------+-------+-------+-------+-------+-------+-------+-------+-------++-------
  Melee: War axe           |   115 |   100 |   457 |    92 |   671 |   216 |  1053 |       |       ||  2704
         Hand axe          |       |       |       |  1140 |       |       |       |       |       ||  1140
         Spear             |       |       |       |    12 |    11 |       |       |       |       ||    23
         Broad axe         |       |       |       |       |    22 |   781 |   228 |       |       ||  1031
         Executioner's axe |       |       |       |       |   399 |   131 |    15 |  1438 |  1503 ||  3486
 Invoke: Heroism           |       |       |       |     9 |     6 |    14 |    12 |     7 |     7 ||    55
         Finesse           |       |       |       |     5 |     5 |    12 |    11 |     7 |     7 ||    47
  Evoke: Wand              |       |       |       |       |       |       |       |       |     5 ||     5
    Use: Potion            |     1 |     1 |     8 |     1 |     3 |    12 |     9 |       |     7 ||    42
         Scroll            |       |     9 |     4 |    12 |    15 |    10 |     3 |     1 |    15 ||    69
   Stab: Distracted        |       |       |       |       |       |     1 |       |     1 |       ||     2
         Confused          |       |       |       |       |       |     1 |       |       |       ||     1
         Held in net/web   |       |       |       |       |       |       |     1 |       |       ||     1
         Invisible         |       |       |       |       |       |       |       |       |     2 ||     2
 Armour: Scale mail        |    56 |    12 |       |       |       |       |       |       |       ||    68
         Chain mail        |       |    51 |   357 |   150 |       |       |       |       |       ||   558
         Crystal plate arm |       |       |       |   490 |   787 |   739 |   683 |   963 |  1566 ||  5228
  Dodge: Dodged            |    50 |    47 |   195 |   231 |   239 |   207 |   230 |   345 |   608 ||  2152
  Block: Buckler           |    30 |    24 |   136 |   239 |   236 |       |       |       |       ||   665
         Kite shield       |       |       |       |       |       |   661 |   286 |       |       ||   947
         Reflection        |       |       |       |       |       |    12 |    56 |       |       ||    68
         Tower shield      |       |       |       |       |       |       |   793 |       |       ||   793
